| TOP OF THE 1ST |
|
Philadelphia Phillies batting - Pitching for Baltimore Orioles : LHP Silas Chinn
|
|
Pitching: LHP Silas Chinn
|
|
|
Batting: SHB Lance Franklin
|
0-0: Ball 1-0: Foul Ball, location: 2F 1-1: Ball 2-1: Ball 3-1: Base on Balls
|
|
Batting: LHB Nick Canizales
|
0-0: Ball 1-0: Foul Ball, location: 2F 1-1: Ball Wild Pitch! Lance Franklin to second 2-1: Ball 3-1: Ground out U3 (Groundball, 34S, EV 88.1 MPH) Lance Franklin to third
|
|
Batting: RHB Chef Belew
|
0-0: Called Strike 0-1: Ball 1-1: Ball 2-1: Foul Ball, location: 2F 2-2: Foul Ball, location: 2F 2-2: Fly out, F9 (Flyball, 9, EV 94.4 MPH) Runner from 3rd tags up, SCORES, no throw by RF
|
|
Batting: RHB Mike Hanks
|
0-0: Ground out 5-3 (Groundball, 56S, EV 91.2 MPH)
|
| Top of the 1st over - 1 run, 0 hits, 0 errors, 0 left on base; Philadelphia 1 - Baltimore 0 |
| BOTTOM OF THE 1ST |
|
Baltimore Orioles batting - Pitching for Philadelphia Phillies : LHP Phuck II
|
|
Pitching: LHP Phuck II
|
|
|
Batting: SHB Aldo Questi
|
0-0: Called Strike 0-1: Ball 1-1: Ball 2-1: Ball 3-1: Base on Balls
|
|
Batting: RHB Raul Mendoza
|
0-0: Ball 1-0: Ball 2-0: Ball 3-0: Called Strike 3-1: Foul Ball, location: 2F 3-2: Fly out, F8 (Flyball, 8RXD, EV 111.9 MPH)
|
|
Batting: SHB Robbie Rogers
|
0-0: Called Strike 0-1: Ball 1-1: Grounds into double play, 5-4-3 (Groundball, 5, EV 89.4 MPH)
|
| Bottom of the 1st over - 0 runs, 0 hits, 0 errors, 0 left on base; Philadelphia 1 - Baltimore 0 |
| TOP OF THE 2ND |
|
Philadelphia Phillies batting - Pitching for Baltimore Orioles : LHP Silas Chinn
|
|
Batting: LHB Osamu Kubo
|
0-0: Called Strike 0-1: Ball 1-1: Ball 2-1: Fly out, F9 (Flyball, 9LM, EV 71.2 MPH)
|
|
Batting: RHB Josh Hensley
|
0-0: Hit by Pitch
|
|
Batting: LHB Ryan Trombley
|
0-0: Grounds into double play, 4-6-3 (Groundball, 4, EV 103.1 MPH)
|
| Top of the 2nd over - 0 runs, 0 hits, 0 errors, 0 left on base; Philadelphia 1 - Baltimore 0 |
| BOTTOM OF THE 2ND |
|
Baltimore Orioles batting - Pitching for Philadelphia Phillies : LHP Phuck II
|
|
Batting: RHB Rudo Garciaparra
|
0-0: Swinging Strike 0-1: Ball 1-1: SINGLE (Line Drive, 8LS, EV 98.8 MPH)
|
|
Batting: RHB Luis Ramos
|
0-0: Foul Ball, location: 2F 0-1: Foul Ball, location: 2F 0-2: Ball 1-2: Ball 2-2: Foul Ball, location: 2F 2-2: Fly out, F6 (Line Drive, 6M, EV 66.2 MPH)
|
|
Batting: RHB Vince Jackson
|
0-0: Called Strike 0-1: Ball 1-1: Fielders Choice at 2nd, 5-4 (Groundball, 5, EV 80.6 MPH)
|
|
Batting: RHB Nick Rigden
|
0-0: 2-RUN HOME RUN (Line Drive, 7D, EV 93.8 MPH), Distance : 372 ft
|
|
Batting: RHB Travis Leonard
|
0-0: Ball 1-0: Foul Ball, location: 2F 1-1: Ball 2-1: Swinging Strike 2-2: Ball 3-2: Foul Ball, location: 2F 3-2: Strikes out looking
|
| Bottom of the 2nd over - 2 runs, 2 hits, 0 errors, 0 left on base; Philadelphia 1 - Baltimore 2 |
| TOP OF THE 3RD |
|
Philadelphia Phillies batting - Pitching for Baltimore Orioles : LHP Silas Chinn
|
|
Batting: RHB Quintin Parker
|
0-0: Called Strike 0-1: Called Strike 0-2: Strikes out swinging
|
|
Batting: LHB Cody Schumacher
|
0-0: Ball 1-0: Called Strike 1-1: Ball 2-1: Fly out, F7 (Flyball, 7S, EV 97.5 MPH)
|
|
Batting: SHB Lance Franklin
|
0-0: Ground out 6-3 (Groundball, 56, EV 90.0 MPH)
|
| Top of the 3rd over - 0 runs, 0 hits, 0 errors, 0 left on base; Philadelphia 1 - Baltimore 2 |
| BOTTOM OF THE 3RD |
|
Baltimore Orioles batting - Pitching for Philadelphia Phillies : LHP Phuck II
|
|
Batting: RHB Tylor Cyr
|
0-0: SINGLE (Groundball, 56D, EV 96.9 MPH)
|
|
Batting: SHB Aldo Questi
|
0-0: Fly out, F8 (Flyball, 89XD, EV 100.6 MPH)
|
|
Batting: RHB Raul Mendoza
|
0-0: Ball 1-0: Foul Ball, location: 2F 1-1: Ball 2-1: Ball 3-1: Base on Balls Tylor Cyr to second
|
|
Batting: SHB Robbie Rogers
|
0-0: Ball 1-0: Fly out, F1 (Line Drive, P, EV 69.4 MPH)
|
|
Batting: RHB Rudo Garciaparra
|
0-0: Ball 1-0: Foul Ball, location: 2F 1-1: Called Strike 1-2: Strikes out swinging
|
| Bottom of the 3rd over - 0 runs, 1 hit, 0 errors, 2 left on base; Philadelphia 1 - Baltimore 2 |
| TOP OF THE 4TH |
|
Philadelphia Phillies batting - Pitching for Baltimore Orioles : LHP Silas Chinn
|
|
Batting: LHB Nick Canizales
|
0-0: Ball 1-0: Ball 2-0: Foul Ball, location: 2F 2-1: Foul Ball, location: 2F 2-2: Strikes out swinging
|
|
Batting: RHB Chef Belew
|
0-0: Called Strike 0-1: Swinging Strike 0-2: Ball 1-2: Ball 2-2: Foul Ball, location: 2F 2-2: Ball 3-2: Foul Ball, location: 2F 3-2: Base on Balls
|
|
Batting: RHB Mike Hanks
|
0-0: Called Strike 0-1: Ball 1-1: Foul Ball, location: 2F 1-2: Foul Ball, location: 2F 1-2: Strikes out swinging
|
|
Batting: LHB Osamu Kubo
|
0-0: Called Strike 0-1: Called Strike 0-2: Ball 1-2: Ball 2-2: Strikes out looking
|
| Top of the 4th over - 0 runs, 0 hits, 0 errors, 1 left on base; Philadelphia 1 - Baltimore 2 |
| BOTTOM OF THE 4TH |
|
Baltimore Orioles batting - Pitching for Philadelphia Phillies : LHP Phuck II
|
|
Batting: RHB Luis Ramos
|
0-0: Ball 1-0: SINGLE (Groundball, 4MD, EV 95.6 MPH)
|
|
Batting: RHB Vince Jackson
|
0-0: Foul Ball, location: 2F 0-1: Ball Luis Ramos steals 2nd base 1-1: Foul Ball, location: 2F 1-2: Foul Ball, location: 2F 1-2: Fly out, F9 (Line Drive, 9S, EV 86.2 MPH)
|
|
Batting: RHB Nick Rigden
|
0-0: Ground out 6-3 (Groundball, 6D, EV 104.4 MPH)
|
|
Batting: RHB Travis Leonard
|
0-0: Fly out, F7 (Flyball, 7, EV 90.0 MPH)
|
| Bottom of the 4th over - 0 runs, 1 hit, 0 errors, 1 left on base; Philadelphia 1 - Baltimore 2 |
| TOP OF THE 5TH |
|
Philadelphia Phillies batting - Pitching for Baltimore Orioles : LHP Silas Chinn
|
|
Batting: RHB Josh Hensley
|
0-0: Foul Ball, location: 2F 0-1: SINGLE (Line Drive, 4M, EV 102.5 MPH)
|
|
Batting: LHB Ryan Trombley
|
0-0: Foul Ball, location: 2F 0-1: Ball 1-1: Ball 2-1: Foul Ball, location: 2F 2-2: Strikes out swinging
|
|
Batting: RHB Quintin Parker
|
0-0: Ball 1-0: Called Strike 1-1: 2-RUN HOME RUN (Flyball, 7D, EV 93.8 MPH), Distance : 354 ft
|
|
Batting: LHB Cody Schumacher
|
0-0: Called Strike 0-1: Ball 1-1: Ball 2-1: Swinging Strike 2-2: Fly out, F5 (Popup, 15, EV 77.5 MPH)
|
|
Batting: SHB Lance Franklin
|
0-0: SINGLE (Line Drive, 89S, EV 95.6 MPH)
|
|
Batting: LHB Nick Canizales
|
0-0: Ball 1-0: Ball 2-0: Called Strike 2-1: Foul Ball, location: 2F 2-2: Ground out U3 (Groundball, 34S, EV 80.0 MPH)
|
| Top of the 5th over - 2 runs, 3 hits, 0 errors, 1 left on base; Philadelphia 3 - Baltimore 2 |
| BOTTOM OF THE 5TH |
|
Baltimore Orioles batting - Pitching for Philadelphia Phillies : LHP Phuck II
|
|
Batting: RHB Tylor Cyr
|
0-0: Ball 1-0: Called Strike 1-1: Ground out 5-3 (Groundball, 56S, EV 78.1 MPH)
|
|
Batting: SHB Aldo Questi
|
0-0: Ball 1-0: Called Strike 1-1: Called Strike 1-2: Ball 2-2: Strikes out looking
|
|
Batting: RHB Raul Mendoza
|
0-0: Swinging Strike 0-1: Foul Ball, location: 2F 0-2: Ball 1-2: Ball 2-2: Ball 3-2: Foul Ball, location: 2F 3-2: SINGLE (Line Drive, 9S, EV 103.8 MPH)
|
|
Batting: SHB Robbie Rogers
|
0-0: Foul Ball, location: 2F 0-1: Called Strike 0-2: Foul Ball, location: 2F 0-2: Ground out 1-3 (Groundball, 23, EV 76.9 MPH)
|
| Bottom of the 5th over - 0 runs, 1 hit, 0 errors, 1 left on base; Philadelphia 3 - Baltimore 2 |
| TOP OF THE 6TH |
|
Philadelphia Phillies batting - Pitching for Baltimore Orioles : LHP Silas Chinn
|
|
Batting: RHB Chef Belew
|
0-0: Ball 1-0: Ball 2-0: Foul Ball, location: 2F 2-1: Fly out, F8 (Flyball, 8LD, EV 83.1 MPH)
|
|
Batting: RHB Mike Hanks
|
0-0: Foul Ball, location: 2F 0-1: Swinging Strike 0-2: Strikes out swinging
|
|
Batting: LHB Osamu Kubo
|
0-0: Ground out U3 (Groundball, 3, EV 102.5 MPH)
|
| Top of the 6th over - 0 runs, 0 hits, 0 errors, 0 left on base; Philadelphia 3 - Baltimore 2 |
| BOTTOM OF THE 6TH |
|
Baltimore Orioles batting - Pitching for Philadelphia Phillies : LHP Phuck II
|
|
Batting: RHB Rudo Garciaparra
|
0-0: SINGLE (Line Drive, 34D, EV 95.0 MPH)
|
|
Batting: RHB Luis Ramos
|
0-0: Called Strike 0-1: SINGLE (Groundball, 34D, EV 93.8 MPH) Rudo Garciaparra to second Runner from 2nd tries for 3rd, SAFE, throw by RF made to third Luis Ramos to second
|
|
Batting: RHB Vince Jackson
|
0-0: Fly out, F4 (Popup, 3S, EV 90.0 MPH)
|
|
Batting: RHB Nick Rigden
|
0-0: Swinging Strike 0-1: Ball 1-1: Ball 2-1: Ball 3-1: Called Strike 3-2: Base on Balls
|
|
Batting: RHB Travis Leonard
|
0-0: SINGLE (Line Drive, 6D, EV 100.0 MPH) Rudo Garciaparra scores Luis Ramos to third Nick Rigden to second
|
|
Batting: RHB Tylor Cyr
|
0-0: Ball 1-0: Called Strike 1-1: Swinging Strike 1-2: Hit by Pitch Luis Ramos scores Nick Rigden to third Travis Leonard to second
|
|
Batting: SHB Aldo Questi
|
0-0: Ball 1-0: Fly out, F2 (Popup, 23F, EV 86.9 MPH)
|
|
Batting: RHB Raul Mendoza
|
0-0: Called Strike 0-1: SINGLE (Groundball, 4MD, EV 101.9 MPH) Nick Rigden scores Travis Leonard to third Tylor Cyr to second Runner from 3rd tries for Home, throw by CF and OUT! 8-2
|
| Bottom of the 6th over - 3 runs, 4 hits, 0 errors, 2 left on base; Philadelphia 3 - Baltimore 5 |
| TOP OF THE 7TH |
|
Philadelphia Phillies batting - Pitching for Baltimore Orioles : LHP Silas Chinn
|
|
Batting: RHB Josh Hensley
|
0-0: Ground out 6-3 (Groundball, 6, EV 92.5 MPH)
|
|
Batting: LHB Ryan Trombley
|
0-0: Fly out, F9 (Flyball, 9S, EV 91.9 MPH)
|
|
Batting: RHB Quintin Parker
|
0-0: Foul Ball, location: 2F 0-1: SINGLE (Line Drive, 8LS, EV 88.8 MPH)
|
|
Batting: LHB Cody Schumacher
|
0-0: Fly out, F7 (Flyball, 7S, EV 73.8 MPH)
|
| Top of the 7th over - 0 runs, 1 hit, 0 errors, 1 left on base; Philadelphia 3 - Baltimore 5 |
| BOTTOM OF THE 7TH |
|
Baltimore Orioles batting - Pitching for Philadelphia Phillies : LHP Phuck II
|
|
Batting: SHB Robbie Rogers
|
0-0: Ball 1-0: Ball 2-0: SINGLE (Line Drive, 3D, EV 110.6 MPH)
|
|
Batting: RHB Rudo Garciaparra
|
0-0: Ball Robbie Rogers steals 2nd base 1-0: Ball 2-0: Called Strike 2-1: Ball 3-1: Fly out, F7 (Flyball, 7LS, EV 87.5 MPH)
|
|
Batting: RHB Luis Ramos
|
0-0: SINGLE (Groundball, 6MS, EV 66.9 MPH) (infield hit) Robbie Rogers to third
|
|
Batting: RHB Vince Jackson
|
0-0: Ball 1-0: Ball 2-0: Called Strike 2-1: Swinging Strike 2-2: Foul Ball, location: 2F 2-2: Foul Ball, location: 2F 2-2: Foul Ball, location: 2F 2-2: Strikes out swinging
|
|
Batting: RHB Nick Rigden
|
0-0: Ball 1-0: Fielders Choice at 2nd, 6-4 (Groundball, 6, EV 99.4 MPH)
|
| Bottom of the 7th over - 0 runs, 2 hits, 0 errors, 2 left on base; Philadelphia 3 - Baltimore 5 |
| TOP OF THE 8TH |
|
Philadelphia Phillies batting - Pitching for Baltimore Orioles : LHP Silas Chinn
|
|
Batting: SHB Lance Franklin
|
0-0: Ball 1-0: Called Strike 1-1: Swinging Strike 1-2: Hit by Pitch
|
|
Pinch Hitting: RHB Carlos Morejon
|
0-0: Reached on error, E6 (Groundball, 6, EV 79.4 MPH) Lance Franklin to second
|
|
Batting: RHB Chef Belew
|
0-0: Called Strike 0-1: Ball 1-1: Ball 2-1: 3-RUN HOME RUN (Flyball, 7D, EV 91.9 MPH), Distance : 354 ft
|
|
Pitching: RHP Jay Kouns
|
|
|
Batting: LHB Jim Beaver
|
0-0: Ball 1-0: Ball 2-0: Foul Ball, location: 2F 2-1: Called Strike 2-2: Foul Ball, location: 2F 2-2: Foul Ball, location: 2F 2-2: Ball 3-2: Base on Balls
|
|
Batting: LHB Osamu Kubo
|
0-0: Called Strike 0-1: Ball 1-1: Swinging Strike 1-2: Ball 2-2: Grounds into double play, 4-6-3 (Groundball, 4, EV 84.4 MPH)
|
|
Batting: RHB Josh Hensley
|
0-0: Called Strike 0-1: SOLO HOME RUN (Flyball, 7D, EV 95.0 MPH), Distance : 375 ft
|
|
Batting: LHB Ryan Trombley
|
0-0: Ball 1-0: Fly out, F2 (Popup, 25F, EV 92.5 MPH)
|
| Top of the 8th over - 4 runs, 2 hits, 1 error, 0 left on base; Philadelphia 7 - Baltimore 5 |
| BOTTOM OF THE 8TH |
|
Baltimore Orioles batting - Pitching for Philadelphia Phillies : LHP Phuck II
|
|
Now at 2B: Carlos Morejon
|
|
|
Batting: RHB Travis Leonard
|
0-0: Ball 1-0: Ball 2-0: Fly out, F4 (Line Drive, 4, EV 76.2 MPH)
|
|
Pitching: RHP Josh Cornishen
|
|
|
Batting: RHB Tylor Cyr
|
0-0: Called Strike 0-1: Fly out, F6 (Popup, P, EV 81.9 MPH)
|
|
Batting: SHB Aldo Questi
|
0-0: Ball 1-0: Ground out 6-3 (Groundball, 6M, EV 98.8 MPH)
|
| Bottom of the 8th over - 0 runs, 0 hits, 0 errors, 0 left on base; Philadelphia 7 - Baltimore 5 |
| TOP OF THE 9TH |
|
Philadelphia Phillies batting - Pitching for Baltimore Orioles : RHP Jay Kouns
|
|
Pitching: LHP Chris Baran
|
|
|
Batting: RHB Quintin Parker
|
0-0: Ball 1-0: Foul Ball, location: 2F 1-1: Fly out, F8 (Flyball, 78M, EV 76.2 MPH)
|
|
Batting: LHB Cody Schumacher
|
0-0: Ball 1-0: Ball 2-0: Ball 3-0: Called Strike 3-1: Fly out, F9 (Flyball, 9, EV 78.1 MPH)
|
|
Batting: SHB Lance Franklin
|
0-0: Ball 1-0: Called Strike 1-1: Called Strike 1-2: Ball 2-2: Ball 3-2: Foul Ball, location: 2F 3-2: Foul Ball, location: 2F 3-2: Strikes out swinging
|
| Top of the 9th over - 0 runs, 0 hits, 0 errors, 0 left on base; Philadelphia 7 - Baltimore 5 |
| BOTTOM OF THE 9TH |
|
Baltimore Orioles batting - Pitching for Philadelphia Phillies : RHP Josh Cornishen
|
|
Pitching: RHP Omar Orosco
|
|
|
Batting: RHB Raul Mendoza
|
0-0: Called Strike 0-1: Ball 1-1: Swinging Strike 1-2: Ground out 5-3 (Groundball, 56, EV 83.1 MPH)
|
|
Batting: SHB Robbie Rogers
|
0-0: Swinging Strike 0-1: Swinging Strike 0-2: Ball 1-2: Strikes out swinging
|
|
Batting: RHB Rudo Garciaparra
|
0-0: SOLO HOME RUN (Flyball, 7D, EV 97.5 MPH), Distance : 356 ft
|
|
Batting: RHB Luis Ramos
|
0-0: Ball 1-0: Called Strike 1-1: Ball 2-1: Ball 3-1: Base on Balls
|
|
Batting: RHB Vince Jackson
|
0-0: Foul Ball, location: 2F 0-1: Foul Ball, location: 2F 0-2: Fly out, F8 (Flyball, 8LM, EV 86.9 MPH)
|
| Bottom of the 9th over - 1 run, 1 hit, 0 errors, 1 left on base; Philadelphia 7 - Baltimore 6 |
|